 Dungeon Crawl Stone Soup version 0.26-a0-708-g17f3b190f9 (webtiles) character file.

Game seed: 1911033001346730803

1090 vortex the Chopper (level 8, -12/70 HPs)
             Began as a Hill Orc Monk on Oct 28, 2020.
             Was a Priest of the Shining One.
             Killed by divine providence
             ... invoked by an orc priest
              (15 damage)
             ... on level 6 of the Dungeon.
             The game lasted 00:24:51 (6352 turns).

vortex the Chopper (Hill Orc Monk)                  Turns: 6352, Time: 00:24:52

Health: -12/70     AC: 13    Str: 15    XL:     8   Next: 31%
Magic:  9/11       EV: 13    Int: 10    God:    the Shining One [***...]
Gold:   310        SH:  8    Dex: 20    Spells: 7/7 levels left

rFire    + . .     SeeInvis .   n - +1 battleaxe (holy)
rCold    + + .     Faith    .   (shield currently unavailable)
rNeg     + . .     Spirit   .   w - +1 ring mail {rC+}
rPois    +         Reflect  .   l - +0 helmet
rElec    +         Harm     .   q - scarf {shadows}
rCorr    +         Rampage  .   d - +0 pair of gloves
MR       .....                  (no boots)
Stlth    +.........             r - amulet of inaccuracy (curse)
HPRegen  0.21/turn              p - +6 ring of dexterity
MPRegen  0.12/turn              x - +4 ring of protection

@: mighty, brilliant, divine shield, about to teleport, resistant, glowing
A: no striking features
a: Divine Shield, Renounce Religion, Convert to Beogh


You were on level 6 of the Dungeon.
You worshipped the Shining One.
The Shining One was most pleased with you.
You visited 1 branch of the dungeon, and saw 6 of its levels.

You collected 310 gold pieces.

Inventory:

Hand Weapons
 n - a +1 battleaxe of holy wrath (weapon)
Missiles
 j - 142 stones
 k - 31 poisoned darts (quivered)
Armour
 d - a +0 pair of gloves (worn)
 g - a cursed -1 scale mail
 l - a +0 helmet (worn)
 q - a scarf of shadows (worn)
 w - a +1 ring mail of cold resistance (worn)
Jewellery
 p - a +6 ring of dexterity (left hand)
 r - a cursed amulet of inaccuracy (around neck)
 x - a +4 ring of protection (right hand)
Wands
 s - a wand of flame (10)
Scrolls
 a - 3 scrolls of magic mapping
 b - 3 scrolls of fog
 f - 2 scrolls of teleportation
Potions
 c - a potion of flight
 e - 5 potions of curing
 t - a potion of brilliance
 v - a potion of mutation


   Skills:
 + Level 5.8 Fighting
 + Level 6.5 Axes
 + Level 3.2 Throwing
 + Level 3.7 Armour
 - Level 4.0 Dodging
 - Level 1.5 Stealth
 + Level 4.5 Invocations
 + Level 1.5 Evocations


You had 7 spell levels left.
You didn't know any spells.
Your spell library was empty.

Dungeon Overview and Level Annotations

Branches:
Dungeon (6/15)
 Temple: D:4-7

Altars:
Ashenzari
Fedhas
Makhleb
Trog
The Shining One


Message History

The orc warrior is healed somewhat.
You barely miss the orc warrior.
The orc warrior is moderately wounded.
The orc priest calls down the wrath of Beogh upon you.
Beogh smites you!
* * * LOW HITPOINT WARNING * * *
You block the orc warrior's attack.
It was a potion of brilliance.
You feel clever all of a sudden. The orc warrior barely misses you.
It was a potion of resistance.
You feel protected.
The orc warrior hits you with a +0 great sword!
* * * LOW HITPOINT WARNING * * *
Okay, then.
As you read the scroll of teleportation, it crumbles to dust.
You feel strangely unstable.
The orc priest calls down the wrath of Beogh upon you.
Beogh smites you!
You die...

#####.######
..........).##
####++#######..#
##........## ##.#
#..........## #.##
.....♣♣.....###..#
.o... ♣...o..###.#
....o ♣..o....##.#
..... ♣.....)..#@#
....♣ ♣♣.......#o#
...♣ ♣♣......#[#
♣♣♣♣♣..oo#
♣♣♣♣♣..(.#
♣♣......###
♣.......#
♣........#
♣.......##


You could see an orc warrior, an orc priest and an orc.

Vanquished Creatures
  An orc warrior (D:6)
  An ice beast (D:6)
  A phantom (D:5)
  2 ogres (D:5)
  Blork the orc (D:4)
  A howler monkey (D:5)
  A jelly (D:5)
  2 orc wizards
  3 orc priests
  A hound (D:5)
  An iguana (D:4)
  A bullfrog skeleton (D:5)
  A worker ant (D:4)
  A hound zombie (D:3)
  A hound skeleton (D:5)
  9 adders
  2 shadow imps (D:5)
  2 white imps
  An ufetubus (D:5)
  An ooze (D:4)
  An adder skeleton (D:4)
  A worm (D:3)
  3 dart slugs (D:1)
  4 leopard geckos
  12 orcs
  6 giant cockroaches
  5 goblins
  5 hobgoblins
  11 jackals
  4 quokkas
  2 ball pythons
  7 bats
  4 frilled lizards
  A jackal skeleton (D:4)
  7 kobolds
  16 rats
123 creatures vanquished.

Vanquished Creatures (others)
  3 fungi (D:5)
  2 plants
5 creatures vanquished.

Grand Total: 128 creatures vanquished

Notes
Turn   | Place    | Note
-------+----------+-------------------------------------------
     0 | D:1      | vortex the Hill Orc Monk began the quest for the Orb.
     0 | D:1      | Reached XP level 1. HP: 19/19 MP: 1/1
   226 | D:1      | Reached XP level 2. HP: 25/27 MP: 2/2
   698 | D:1      | Reached skill level 1 in Throwing
   698 | D:1      | Reached XP level 3. HP: 33/33 MP: 3/3
  1186 | D:2      | Found a faded altar of an unknown god.
  1217 | D:2      | Reached XP level 4. HP: 14/40 MP: 4/4
  1503 | D:2      | Found a glowing golden altar of the Shining One.
  1515 | D:2      | Found a broken altar of Ashenzari.
  1521 | D:2      | Became a worshipper of the Shining One
  1521 | D:2      | Reached * piety under the Shining One
  1521 | D:2      | Reached ** piety under the Shining One
  1779 | D:2      | Reached skill level 1 in Armour
  2282 | D:3      | Reached skill level 1 in Invocations
  2317 | D:3      | Reached XP level 5. HP: 38/47 MP: 5/5
  2626 | D:3      | Reached skill level 5 in Axes
  3566 | D:3      | Found a bloodstained altar of Trog.
  3738 | D:4      | Noticed Blork the orc
  3751 | D:4      | Killed Blork the orc
  3751 | D:4      | Reached XP level 6. HP: 44/53 MP: 7/7
  4009 | D:4      | Found a burning altar of Makhleb.
  4445 | D:5      | Entered Level 5 of the Dungeon
  4568 | D:5      | Reached skill level 5 in Fighting
  4771 | D:5      | Reached XP level 7. HP: 61/61 MP: 9/9
  4852 | D:5      | Found a blossoming altar of Fedhas.
  4972 | D:5      | Reached *** piety under the Shining One
  4977 | D:5      | Reached skill level 6 in Axes
  5474 | D:6      | Reached skill level 1 in Evocations
  5474 | D:6      | Reached XP level 8. HP: 48/69 MP: 9/11
  6350 | D:6      | HP: 3/70 [orc warrior/+0 great sword (8)]
  6352 | D:6      | Killed from afar by an orc priest

Illustrated notes

Levels and vault maps discovered:
D:1:      minmay_arrival_hallway, layout_basic
D:2:      minmay_diamond_boxcup, layout_loops_ring,
          chequers_temple_overflow_statue_of_worship, serial_forest,
          infiniplex_forest_straight_5, infiniplex_forest_lined_4_way,
          infiniplex_forest_clump_curved, infiniplex_forest_clump_tiny,
          infiniplex_forest_lined_room_, chequers_ecumenical_altar_twisty
D:3:      layout_basic, trog_three_pillars_becter
D:4:      layout_cave_pods, marbit_many_paths, uniq_blork_the_orc
D:5:      layout_loops_ring, fedhas_altar_3, minmay_chambers_of_fives
D:6:      layout_basic, temple_hall, corexii_corridor_pit,
          hangedman_abyss_or_decor_stabs, kennysheep_cross_room

Skill      XL: |  1  2  3  4  5  6  7  8 |
---------------+-------------------------+-----
Fighting       | 4 5 |  5.8
Throwing       | 1 2 3 |  3.2
Armour         | 1 2 3 |  3.7
Dodging        | 3 4 |  4.0
Invocations    | 1 2 4 |  4.5
Axes           | 5 6 |  6.5
Evocations     | 1 |  1.5
Stealth        | |  1.5

Action                   |  1- 3 |  4- 6 |  7- 9 || total
-------------------------+-------+-------+-------++-------
Melee: Hand axe          |   133 |    92 |       ||   225
       Battleaxe         |       |    80 |    92 ||   172
Throw: Stone             |    12 |    52 |     9 ||    73
       Dart              |       |    18 |    13 ||    31
Invok: Divine Shield     |       |       |     2 ||     2
Evoke: Wand              |       |       |     6 ||     6
  Use: Potion            |     2 |       |     7 ||     9
       Scroll            |       |     7 |     1 ||     8
 Stab: Sleeping          |     3 |       |       ||     3
Armor: Robe              |     7 |       |       ||     7
       Leather armour    |    44 |    43 |       ||    87
       Ring mail         |       |     1 |    23 ||    24
Dodge: Dodged            |    74 |   130 |    49 ||   253
Block: Other             |       |       |     6 ||     6

Table legend: (Time is in decaauts)
 A = Elapsed time spent in this place.
 B = Non-inter-level travel time spent in this place.
 C = Inter-level travel time spent in this place.
 D = Time resting spent in this place.
 E = Time spent auto-exploring this place.
 F = Levels seen in this place.
 G = Mean time per level.
                   A        B        C        D        E       F      G
               +--------+--------+--------+--------+--------+-----+--------+
         Total |   6415 |   6324 |     91 |      9 |   5335 |   6 | 1069.2 |
       Dungeon |   6415 |   6324 |     91 |      9 |   5335 |   6 | 1069.2 |
               +--------+--------+--------+--------+--------+-----+--------+

Top non-repeatable levels by time:
     D:3: 1355 daAuts
     D:2: 1302 daAuts
     D:5: 1009 daAuts
     D:1: 989 daAuts
     D:6: 923 daAuts
     D:4: 836 daAuts
